 Dungeon Crawl Stone Soup version 0.30-a0-719-gcc4359ea44 (webtiles) character file.

Game seed: 784432692969613217

254 kae the Changer (level 5, -2/37 HPs)
             Began as a Demonspawn Transmuter on Jan 26, 2023.
             Was a Follower of Qazlal.
             Slain by an orc
             ... wielding a +2 short sword of draining
              (4 damage)
             ... on level 3 of the Dungeon.
             The game lasted 00:01:28 (1317 turns).

kae the Changer (Demonspawn Transmuter)             Turns: 1317, Time: 00:01:28

Health: -2/37      AC:  2    Str: 10    XL:     5   Next: 91%
Magic:  5/9        EV: 19    Int: 17    God:    Qazlal [*.....]
Gold:   112        SH:  2    Dex: 18    Spells: 3/9 levels left

rFire   . . .      SeeInvis .      - Unarmed
rCold   . . .      Faith    .    (shield currently unavailable)
rNeg    . . .      Spirit   .    (body armour currently unavailable)
rPois   x          Reflect  .    (helmet currently unavailable)
rElec   .          Harm     .    (cloak currently unavailable)
rCorr   .          Rampage  .    (gloves currently unavailable)
Will    .....                    (boots currently unavailable)
Stlth   +                        (no amulet)
HPRegen 0.26/turn                (no ring)
MPRegen 0.11/turn                (no ring)

@: lethally poisoned (-2 -> -6), spider-form, studying Short Blades
A: venomous fangs, tiny, (claws 1), (hooves 1), foul stench 1
a: End Transformation, Renounce Religion


You were on level 3 of the Dungeon.
You worshipped Qazlal.
Qazlal was aware of your devotion.
You were a venomous arachnid creature.
You visited 1 branch of the dungeon, and saw 4 of its levels.

You collected 112 gold pieces.


Innate Abilities, Weirdness & Mutations

You are a venomous arachnid creature.
You have venomous fangs.
You are tiny and dextrous.
Your spellcasting is less reliable in this form.
Your armour is entirely melded.
You are incapable of wielding weapons or throwing items.
((You have sharp fingernails.))
((You have large cloven feet.))
You may rarely emit foul miasma when damaged in melee.


   Skills:
 - Level 1.0 Fighting
 - Level 1.7 Dodging
 + Level 3.5 Unarmed Combat
 + Level 2.9 Spellcasting
 * Level 3.6 Transmutations
 - Level 2.0 Poison Magic
 + Level 2.6 Invocations


You had 3 spell levels left.
You knew the following spells:

 Your Spells              Type           Power      Damage    Failure   Level
a - Beastly Appendage     Tmut           28%        N/A       13%         1
b - Wereblood             Tmut           14%        N/A       17%         2
c - Spider Form           Tmut/Pois      12%        N/A       36%         3

Your spell library contained the following spells:

 Spells                   Type           Power      Damage    Failure   Level
 Scorch                   Fire           4%         2d5       47%         2
 Ice Form                 Ice/Tmut       8%         N/A       82%         4
 Flame Wave               Conj/Fire      2%         2d4       96%         4
 Summon Cactus Giant      Summ           1%         N/A       100%        6

Inventory:

Missiles
 d - 16 stones
Armour
 a - a +0 robe (melded)
Jewellery
 R - a ring of resist corrosion
   (You found it on level 1 of the Dungeon)
Scrolls
 e - a scroll of vulnerability {!r!r}
Potions
 b - 2 potions of lignification {!q}
 c - 2 potions of curing {unknown}
 f - a potion of resistance {unknown}

Dungeon Overview and Level Annotations

Branches:
Dungeon (4/15) Zot: 22687
 Temple: D:4-7

Altars:
Qazlal

Shops:
D:1

[ ###### .#
.....#####.#
#.....##.#
#####.....##.#
#.........##.####
#...............###.
##......†............
#.....oso.........##.
#.....o)☼....>.......
#..................#.
#..................#
#....................
#....................
#..................).
#....................
.........#.....


You could see 3 orcs.


Message History

Confirm with . or Enter, or press ? or * to list all spells.
You grow a pair of large bovine horns.
Your feet morph into talons.
The orc shouts! x2
An orc wizard comes into view.
It is wielding a +0 dagger. x2 😕 HP[+1] MP[-1]
You lost 1 mp, and now have 7/9 mp.
An adder comes into view.
The orc wizard shouts!
The adder hisses angrily.
You barely miss the rat. You claw the rat, but do no damage.
You closely miss the rat. Your kick misses the rat.
The rat bites you but does no damage.
You claw the rat!
You kill the rat!
Qazlal accepts your kill.
The orc hits you with a +2 short sword of draining.
You feel drained. 😕 HP[-5]
You now have 36 max hp (-1).
You take 5 damage, and now have 28/36 hp.
Casting: Beastly Appendage (safe; 4% risk of failure)
Confirm with . or Enter, or press ? or * to list all spells.
The spell is quite dangerous to miscast (19% risk of failure)!
Continue anyway? [Y]es or [N]o only, please.
The spell is quite dangerous to miscast (19% risk of failure)!
Continue anyway?
Your horns disappear.
Your talons disappear.
You turn into a venomous arachnid creature.
Your +0 robe melds into your body.
You block the orc's attack.
The orc hits you but does no damage. 😕 MP[-3]
You lost 3 mp, and now have 4/9 mp.
Unknown command.
You hit the orc wizard but do no damage.
The orc wizard is poisoned.
You hit the orc wizard but do no damage.
The orc wizard looks as sick as possible!
The orc closely misses you. The orc completely misses you. x2
The orc wizard hits you with a +0 dagger.
You emit a cloud of foul miasma!
The orc wizard hits you with a +0 dagger.
You emit a cloud of foul miasma! 😮 HP[-5] MP[+1]
You take 5 damage, and now have 23/36 hp.
You hit the orc wizard.
The orc wizard looks as sick as possible!
The orc closely misses you. The adder misses you.
The orc completely misses you.
The orc wizard is engulfed in dark miasma.
The orc wizard is poisoned.
The orc wizard completely misses you. The orc barely misses you.
The orc wizard is engulfed in dark miasma.
The orc wizard looks as sick as possible!
The orc wizard closely misses you.
Unknown command.
You hit the orc wizard. The adder bites you. The orc hits you with a +0 club.
* * * LOW HITPOINT WARNING * * *
The orc wizard is engulfed in dark miasma.
The orc wizard looks as sick as possible!
You kill the orc wizard!
Qazlal accepts your kill.
The orc hits you with a +2 short sword of draining.
* * * LOW HITPOINT WARNING * * *
You feel drained.
* * * LOW HITPOINT WARNING * * *
The orc wizard is engulfed in dark miasma.
The orc wizard looks even sicker.
The orc wizard hits you but does no damage.
The orc hits you with a +0 whip.
* * * LOW HITPOINT WARNING * * *
😨 HP[-13]
You take 13 damage, and now have 10/36 hp.
MASSIVE DAMAGE!! (PAUSE)
You hit the orc wizard. The adder barely misses you. The orc misses you.
The orc wizard is engulfed in dark miasma.
The orc wizard looks even sicker.
You kill the orc wizard!
Qazlal accepts your kill. The orc closely misses you. x2
Your life force feels restored.
You now have 37 max hp (+1).
Unknown command.
You hit the adder.
The adder is poisoned.
The adder bites you.
* * * LOW HITPOINT WARNING * * *
You are poisoned.
The adder poisons you! The orc barely misses you. The orc misses you.
The orc completely misses you. The adder closely misses you. 😱 HP[-1]
You take 1 damage, and now have 9/37 hp.
You hit the adder but do no damage.
The adder looks as sick as possible!
* * * LOW HITPOINT WARNING * * *
You feel sick. The adder completely misses you. You block the orc's attack.
The orc misses you. The orc barely misses you. 😱 HP[-2]
You take 2 damage, and now have 7/37 hp.
You hit the orc.
The orc is poisoned.
You feel sick.
You kill the adder!
Qazlal accepts your kill. The orc misses you. The orc hits you with a +0 whip.
* * * LOW HITPOINT WARNING * * *
The orc hits you with a +2 short sword of draining.
You die...

Skill      XL: |  1  2  3  4  5 |
---------------+----------------+-----
Transmutations | 2 3 |  3.6
Unarmed Combat | 3 |  3.5
Poison Magic   | 1 2 |  2.0
Invocations    | 1 2 |  2.6
Fighting       | |  1.0
Dodging        | |  1.7
Spellcasting   | |  2.9

Action                     |  1- 3 |  4- 6 || total
---------------------------+-------+-------++-------
  Melee: Unarmed           |   131 |    20 ||   151
         Kick              |    10 |     2 ||    12
         Headbutt          |     8 |     1 ||     9
         Punch             |     1 |       ||     1
   Cast: Beastly Appendage |    16 |     2 ||    18
         Spider Form       |       |     2 ||     2
    Use: Scroll            |     1 |       ||     1
   Stab: Sleeping          |     1 |       ||     1
 Armour: Robe              |    39 |     2 ||    41
         Skin              |       |     3 ||     3
  Dodge: Dodged            |    88 |    32 ||   120
  Block: Other             |     4 |     3 ||     7

Levels and vault maps discovered:
D:1:      wander_arrival_desolate, layout_loops_ring,
          hellmonk_ecumenical_altar_pennies_from_heaven, serial_shops,
          nicolae_shop_stone, minmay_tromino_v4_c
D:2:      layout_rooms, kennysheep_small_spiral
D:3:      layout_basic
D:4:      layout_basic, ebering_ghost_rock_garden

Notes
Turn   | Place    | Note
-------+----------+-------------------------------------------
     0 | D:1      | kae the Demonspawn Transmuter began the quest for the Orb.
     0 | D:1      | Reached XP level 1. HP: 15/15 MP: 3/3
     0 | D:1      | magus.rc [v1.11.3]
    65 | D:1      | Reached skill level 2 in Transmutations
   171 | D:1      | Gained mutation: You may rarely emit foul miasma when
                  | damaged in melee. [demonic ancestry]
   171 | D:1      | Reached XP level 2. HP: 15/21 MP: 3/5
   333 | D:1      | Found a faded altar of an unknown god.
   373 | D:1      | Prayed at the altar of an unknown god.
   373 | D:1      | Became a worshipper of Qazlal Stormbringer
   373 | D:1      | Reached * piety under Qazlal
   731 | D:1      | Found Miopp's Armour Shoppe.
   948 | D:2      | Reached skill level 3 in Unarmed Combat
   963 | D:2      | Reached XP level 3. HP: 26/26 MP: 6/6
   966 | D:2      | Learned a level 2 spell: Wereblood
   970 | D:2      | Learned a level 3 spell: Spider Form
  1105 | D:2      | You fall into a shaft and drop 2 floors!
  1129 | D:4      | Noticed a phantom
  1146 | D:4      | HP: 6/26 [phantom (3)]
  1147 | D:4      | Killed a phantom
  1148 | D:4      | Reached skill level 3 in Transmutations
  1148 | D:4      | Reached skill level 1 in Poison Magic
  1148 | D:4      | Reached skill level 1 in Invocations
  1148 | D:4      | You feel monstrous as your demonic heritage exerts itself.
  1148 | D:4      | Discovered your monstrous ancestry.
  1148 | D:4      | Gained mutation: You have sharp fingernails. [demonic
                  | ancestry]
  1148 | D:4      | Reached XP level 4. HP: 8/32 MP: 7/7
  1247 | D:4      | You pick up a book of Scorching and begin reading...
  1247 | D:4      | You add the spells Scorch, Flame Wave and Summon Cactus
                  | Giant to your library.
  1256 | D:4      | Noticed a scorpion
  1263 | D:4      | Lost mutation: You have razor-sharp toenails. [demonic
                  | ancestry]
  1263 | D:4      | Lost mutation: You have sharp toenails. [demonic ancestry]
  1263 | D:4      | Gained mutation: You have large cloven feet. [demonic
                  | ancestry]
  1263 | D:4      | Reached XP level 5. HP: 23/37 MP: 6/8
  1268 | D:4      | Reached skill level 2 in Poison Magic
  1268 | D:4      | Reached skill level 2 in Invocations
  1315 | D:3      | HP: 9/37 [adder (2)]
  1317 | D:3      | HP: 2/37 [orc/+0 whip (4)]
  1317 | D:3      | Slain by an orc

Vanquished Creatures
  A phantom (D:4)
  A scorpion (D:4)
  A jelly (D:4)
  2 orc wizards (D:3)
  2 adders
  A dart slug (D:2)
  3 endoplasms
  3 giant cockroaches
  2 hobgoblins (D:1)
  4 kobolds
  5 ball pythons
  7 bats
  2 frilled lizards (D:1)
  7 rats
41 creatures vanquished.

Table legend:
 A = Non-vault XP
 B = Vault XP
 C = Vault XP percentage of total XP
 D = Non-vault monster count
 E = Vault monster count
 F = Vault count percentage of total count
                 A         B        C        D         E       F
            +---------+---------+-------+---------+---------+-------
      Total |     374 |       3 |   0.8 |      39 |       2 |   4.9
            +---------+---------+-------+---------+---------+-------
        D:1 |      31 |       3 |   8.8 |      22 |       2 |   8.3
        D:2 |      16 |       0 |   0.0 |       8 |       0 |   0.0
        D:3 |      83 |       0 |   0.0 |       4 |       0 |   0.0
        D:4 |     244 |       0 |   0.0 |       5 |       0 |   0.0
            +---------+---------+-------+---------+---------+-------

Illustrated notes

Table legend:
 A = Kills in this place as a percentage of kills in entire the game.
 B = Kills by you in this place as a percentage of kills by you in the entire game.
 C = Kills by friends in this place as a percentage of kills by friends in the entire game.
 D = Other kills in this place as a percentage of other kills in the entire game.
 E = Experience gained in this place as a percentage of experience gained in the entire game.
 F = Experience gained in this place divided by the number of levels of this place that you have seen.
                   A       B       C       D       E      F
               +-------+-------+-------+-------+-------+----------------------
         Total | 100.0 | 100.0 |   N/A |   N/A | 100.0 |  94.2
       Dungeon | 100.0 | 100.0 |   N/A |   N/A | 100.0 |  94.2
               +-------+-------+-------+-------+-------+----------------------

Table legend: (Time is in decaauts)
 A = Elapsed time spent in this place.
 B = Non-inter-level travel time spent in this place.
 C = Inter-level travel time spent in this place.
 D = Time resting spent in this place.
 E = Time spent auto-exploring this place.
 F = Levels seen in this place.
 G = Mean time per level.
                   A        B        C        D        E       F      G
               +--------+--------+--------+--------+--------+-----+--------+
         Total |   1311 |   1237 |     74 |      0 |    894 |   4 |  327.8 |
       Dungeon |   1311 |   1237 |     74 |      0 |    894 |   4 |  327.8 |
               +--------+--------+--------+--------+--------+-----+--------+

Top non-repeatable levels by time:
     D:1: 931 daAuts
     D:4: 175 daAuts
     D:2: 171 daAuts
     D:3: 33 daAuts
